 Seeded DCSS version 0.29.1-13-g9f3cf754e1 (webtiles) character file.

Game seed: 20230202 (custom seed)

23 ueste the Magician (level 2, -5/20 HPs)
             Began as a Palentonga Hedge Wizard on Feb 3, 2023.
             Slain by Jessica
             ... wielding a +4 club
              (7 damage)
             ... on level 2 of the Dungeon.
             The game lasted 00:15:14 (1364 turns).

ueste the Magician (Palentonga Hedge Wizard)        Turns: 1364, Time: 00:15:14

Health: -5/20      AC:  4    Str: 15    XL:     2   Next: 72%
Magic:  1/6        EV:  9    Int: 14    God:
Gold:   8          SH:  0    Dex:  9    Spells: 2/8 levels left

rFire   . . .      SeeInvis +   i - +1 whip (vamp)
rCold   . . .      Faith    .   (no shield)
rNeg    . . .      Spirit   .   b - +0 robe
rPois   .          Reflect  .   c - +0 hat
rElec   .          Harm     .   (no cloak)
rCorr   .          Rampage  .   (no gloves)
Will    .....                   (no barding)
Stlth   +.........              (no amulet)
HPRegen 0.06/turn               (no ring)
MPRegen 0.10/turn               (no ring)

@: no status effects
A: large, rugged brown scales 3, see invisible, deformed body, roll 1, armoured
tail
a: Rolling Charge


You were on level 2 of the Dungeon.
You visited 1 branch of the dungeon, and saw 2 of its levels.

You collected 8 gold pieces.

Inventory:

Hand Weapons
 a - a +0 dagger
 f - a +0 short sword
 i - a +1 vampiric whip (weapon)
 o - a +0 club
Missiles
 g - 5 stones
Armour
 b - a +0 robe (worn)
 c - a +0 hat (worn)
 m - a +0 plate armour
Magical Staves
 k - a staff of poison
Scrolls
 n - 2 scrolls of teleportation
Potions
 d - a potion of magic


   Skills:
 + Level 1.7 Dodging
 + Level 1.3 Stealth
 + Level 3.6 Spellcasting
 + Level 1.0 Conjurations
 + Level 0.7 Summonings
 + Level 1.0 Translocations


You had 2 spell levels left.
You knew the following spells:

 Your Spells              Type           Power      Damage    Failure   Level
a - Magic Dart            Conj           20%        1d4       13%         1
b - Call Imp              Summ           4%         N/A       22%         2
c - Blink                 Tloc           10%        N/A       21%         2
d - Summon Small Mammal   Summ           16%        N/A       16%         1

Your spell library contained the following spells:

 Spells                   Type           Power      Damage    Failure   Level
 Apportation              Tloc           10%        N/A       13%         1
 Beastly Appendage        Tmut           4%         N/A       21%         1
 Necrotise                Necr           8%         1d4       21%         1
 Slow                     Hex            8%         N/A       21%         1
 Wereblood                Tmut           2%         N/A       30%         2
 Lesser Beckoning         Tloc           5%         N/A       36%         3
 Conjure Flame            Conj/Fire      4%         6-21      43%         3
 Dazzling Flash           Conj/Hex       8%         N/A       43%         3
 Mephitic Cloud           Conj/Pois/Air  3%         N/A       45%         3
 Spider Form              Tmut/Pois      2%         N/A       52%         3
 Iskenderun's Mystic Bla  Conj/Tloc      5%         2d3       78%         4
 Fulminant Prism          Conj/Hex       2%         3d6       85%         4
 Manifold Assault         Tloc           5%         N/A       98%         5
 Lee's Rapid Deconstruct  Erth           1%         3d5*      99%         5
 Starburst                Conj/Fire      2%         6d3       100%        6


Dungeon Overview and Level Annotations

Branches:
Dungeon (2/15)

Altars:

Annotations:
D:2 Jessica, Robin


Innate Abilities, Weirdness & Mutations

You are completely covered in rugged brown scales. (AC +3, +7% HP)
You have supernaturally acute eyesight. (SInv)
Armour fits poorly on your strangely shaped body.
You can roll at nearby foes to attack.
You have a long armoured tail.


Message History

Confirm with . or Enter, or press ? or * to list all spells.
You miscast Call Imp.
Nothing appears to happen.
Jessica hits you with a +4 club.
Casting: Call Imp (safe; 22% risk of failure)
Confirm with . or Enter, or press ? or * to list all spells.
A beastly little devil appears in a puff of frigid air.
Jessica closely misses you.
You swap places.
A ball python comes into view.
Jessica barely misses your white imp.
Your white imp gestures at Jessica.
The puff of frost misses Jessica.
Something barely misses your white imp.
The ball python hisses angrily.
A hobgoblin comes into view.
A goblin comes into view. It is wielding a +0 club.
Your white imp barely misses Jessica.
Jessica barely misses your white imp.
A goblin comes into view. It is wielding a +0 dagger.
Your white imp barely misses Jessica.
Jessica barely misses your white imp.
Robin of the Strong Arm comes into view.
They are wielding a +0 mace.
Your white imp hits Jessica.
Your white imp freezes Jessica.
Something hits your white imp.
Your magical contamination has completely faded away.
Jessica closely misses something.
Jessica hits your white imp with a +4 club.
Something hits your white imp.
Your white imp dies!
Your white imp disappears in a puff of smoke!
Jessica mumbles some strange words.
Jessica blinks!
You hit Jessica.
You feel better.
Jessica is almost dead.
Jessica hits you with a +4 club!
* * * LOW HITPOINT WARNING * * *
You barely miss Jessica.
Jessica is almost dead.
Jessica hits you with a +4 club!
You die...

..... ### .#..
... .... ....
... .... #...
..$..##.# #..
#.#..##.##
...#.#...)..#
#.#.#..##..#
#..@.......#
#.#@#..##..# #
#S.......#
#.#.....<#
#g#..##.##
.###.#.#..##@#
........g.....#
..######......#
#g.....#


You could see Jessica (fast), a hobgoblin, a goblin and a ball python.

Vanquished Creatures
  A dart slug (D:1)
  A ball python (D:1)
  3 endoplasms (D:1)
  A giant cockroach (D:1)
  A goblin (D:1)
  3 hobgoblins (D:1)
  2 quokkas (D:1)
  A frilled lizard (D:1)
  5 kobolds
18 creatures vanquished.

Notes
Turn   | Place    | Note
-------+----------+-------------------------------------------
     0 | D:1      | ueste the Palentonga Hedge Wizard began the quest for the
                  | Orb.
     0 | D:1      | Reached XP level 1. HP: 13/13 MP: 4/4
   274 | D:1      | Reached XP level 2. HP: 12/20 MP: 3/6
   587 | D:1      | Reached skill level 1 in Conjurations
   692 | D:1      | Found a faded altar of an unknown god.
  1309 | D:2      | Learned a level 2 spell: Call Imp
  1312 | D:2      | Learned a level 2 spell: Blink
  1314 | D:2      | Learned a level 1 spell: Summon Small Mammal
  1314 | D:2      | Noticed Jessica
  1356 | D:2      | Noticed Robin
  1364 | D:2      | Slain by Jessica

Illustrated notes

Levels and vault maps discovered:
D:1:      amcnicky_arrival_flooded_fountain, layout_rooms,
          basic_ecumenical_altar, minivault_24, serial_bayou_pond_b,
          minmay_misc_feat_columns
D:2:      layout_basic, uniq_robin, uniq_jessica

Skill      XL: |  1  2 |
---------------+-------+-----
Conjurations   | 1 |  1.0
Dodging        | |  1.7
Stealth        | |  1.3
Spellcasting   | |  3.6
Summonings     | |  0.7
Translocations | |  1.0

Action                   || total
-------------------------++-------
Melee: Dagger            ||    16
       Tailslap          ||     2
       Whip              ||    12
 Cast: Magic Dart        ||    47
       Call Imp          ||     1
  Use: Potion            ||     2
       Scroll            ||     1
Armor: Robe              ||     8
Dodge: Dodged            ||    13
